 Dungeon Crawl Stone Soup version 0.22.1-2-g9c5b331383 (webtiles) character file.

285535 Ge0ff the Warrior (level 20, -7/191 HPs)
             Began as an Ogre Summoner on Dec 2, 2018.
             Was an Elder of Hepliaklqana.
             Mangled by a stone giant (13 damage)
             ... on level 3 of the Vaults on Dec 3, 2018.
             The game lasted 04:46:08 (81508 turns).

Ge0ff the Warrior (Ogre Summoner)                  Turns: 81508, Time: 04:46:09

Health: -7/191     AC: 21    Str: 17    XL:     20   Next: 61%
Magic:  21/39      EV:  8    Int: 24    God:    Hepliaklqana [****..]
Gold:   3877       SH: 18    Dex:  9    Spells: 28/49 levels left

rFire    + . .     SeeInvis .     - Unarmed
rCold    + . .     Gourm    .   w - +4 shield {rC+ rF+}
rNeg     . . .     Faith    .   I - quicksilver dragon scales of the Vacuum {MR+ Int+4}
rPois    +         Spirit   .   y - +2 hat
rElec    .         Reflect  +   O - +2 cloak {rPois}
rCorr    .         Harm     .   (gloves unavailable)
MR       ++++.                  (boots unavailable)
Stlth    +.........             E - +6 amulet of reflection
HPRegen  0.41/turn              J - ring of protection from magic
MPRegen  0.26/turn              m - +4 ring of protection {=R}

@: no status effects
A: large, unfitting armour, reduced essence, dopey 1, tough skin 1
}: 2/15 runes: decaying, gossamer
a: Recall Ancestor, Ancestor Identity, Transference, Idealise, Renounce Religion


You were on level 3 of the Vaults.
You worshipped Hepliaklqana.
Hepliaklqana was greatly pleased with you.
You were not hungry.

You visited 8 branches of the dungeon, and saw 38 of its levels.
You also visited: Labyrinth, Ice Cave and Volcano.

You collected 5015 gold pieces.
You spent 1138 gold pieces at shops.

Inventory:

Missiles
 s - 2 throwing nets {!f}
 u - 62 large rocks (quivered)
 L - 1406 stones
 V - 28 tomahawks
 W - 3 javelins
Armour
 w - a +4 shield of resistance (worn)
 y - a +2 hat (worn)
 G - a +0 shield of reflection
 H - the +5 shield of Optimism {*Corrode rElec Int+3 Stlth+}
   (You took it off a deep elf mage on level 3 of the Elven Halls)

   It affects your intelligence (+3).
   It insulates you from electricity.
   It may corrode you when you take damage.
   It makes you more stealthy.
 I - the quicksilver dragon scales of the Vacuum (worn) {MR+ Int+4}
   (You took it off a minotaur in a labyrinth)

   It affects your intelligence (+4).
   It affects your resistance to hostile enchantments.
 O - a +2 cloak of poison resistance (worn)
Jewellery
 l - the ring "Vaotromnam" {*Tele rN+ Str+6}
   (You found it in a labyrinth)

   [ring of teleportation]

   It may teleport you next to monsters.
   It affects your strength (+6).
   It protects you from negative energy.
 m - a +4 ring of protection (right hand) {=R}
 D - an uncursed amulet of guardian spirit
 E - a +6 amulet of reflection (around neck)
 J - a ring of protection from magic (left hand)
 N - an uncursed amulet of regeneration
 P - an uncursed ring of flight
Wands
 d - a wand of digging (10)
 k - a wand of iceblast (1)
 p - a wand of paralysis (9)
 t - a wand of polymorph (58)
 X - a wand of disintegration (9)
Scrolls
 g - 5 scrolls of fear
 i - 14 scrolls of identify
 j - a scroll of noise
 o - 4 scrolls of summoning
 B - a scroll of blinking
 C - 15 scrolls of remove curse
 F - 5 scrolls of fog
 M - 7 scrolls of magic mapping
 Q - 3 scrolls of vulnerability
 T - 12 scrolls of teleportation {!r}
Potions
 c - a potion of cancellation {!q}
 q - 21 potions of curing
 r - a potion of invisibility
 v - a potion of berserk rage {!q}
 x - 7 potions of might
 z - 7 potions of heal wounds {!q}
 A - 5 potions of ambrosia
 K - 7 potions of haste {!q}
 R - 6 potions of magic {!q}
 S - 4 potions of resistance
 Y - 9 potions of agility
Miscellaneous
 h - a fan of gales
 n - a phial of floods
 Z - a lamp of fire
Comestibles
 f - 65 rations
 U - 14 chunks of flesh


   Skills:
 + Level 16.0 Fighting
 + Level 7.5 Throwing
 - Level 4.5 Armour
 - Level 4.5 Dodging
 - Level 3.0 Stealth
 - Level 4.5 Shields
 + Level 12.5 Unarmed Combat
 + Level 15.2 Spellcasting
 - Level 3.0 Hexes
 - Level 3.0 Charms
 + Level 13.9 Summonings
 - Level 3.0 Translocations
 - Level 10.0 Ice Magic
 - Level 10.0 Air Magic
 + Level 11.0 Invocations
 + Level 9.7 Evocations


You had 28 spell levels left.
You knew the following spells:

 Your Spells              Type           Power        Failure   Level  Hunger
a - Shroud of Golubria    Chrm/Tloc      ####......   6%          2    None
c - Blink                 Tloc           N/A          6%          2    None
d - Call Canine Familiar  Summ           ######..     1%          3    None
e - Summon Guardian Gole  Hex/Summ       ######..     1%          3    None
l - Summon Lightning Spi  Summ/Air       ######..     1%          4    None
o - Summon Butterflies    Summ           ######..     1%          1    None
q - Swiftness             Chrm/Air       #####...     1%          2    None
s - Summon Ice Beast      Ice/Summ       ######..     1%          4    None

Your spell library contained the following spells:

 Spells                   Type           Power        Failure   Level  Hunger
 Shock                    Conj/Air       ####         1%          1    None
 Summon Small Mammal      Summ           ####         1%          1    None
 Call Imp                 Summ           ######..     1%          2    None
 Poisonous Vapours        Pois/Air       #####.       2%          2    None
 Airstrike                Air            ######....   2%          4    None
 Ozocubu's Armour         Chrm/Ice       #####...     3%          3    None
 Infusion                 Chrm           ####         4%          1    None
 Static Discharge         Conj/Air       #####...     5%          3    None
 Slow                     Hex            ####....     6%          2    None
 Song of Slaying          Chrm           ####....     6%          2    None
 Mephitic Cloud           Conj/Pois/Air  ####....     11%         3    None
 Spectral Weapon          Hex/Chrm       ####....     13%         3    None
 Beastly Appendage        Tmut           ###...       14%         1    None
 Flame Tongue             Conj/Fire      ###..        14%         1    None
 Magic Dart               Conj           ###.         14%         1    None
 Sandblast                Erth           ###...       14%         1    None
 Sting                    Conj/Pois      ###.         14%         1    None
 Ice Form                 Ice/Tmut       #####...     19%         4    None
 Passwall                 Tmut/Erth      ###.....     22%         2    None
 Sticks to Snakes         Tmut           ###.....     22%         2    None
 Throw Flame              Conj/Fire      ###...       22%         2    None
 Inner Flame              Hex/Fire       ####....     24%         3    None
 Regeneration             Chrm/Necr      ####......   24%         3    None
 Conjure Flame            Conj/Fire      ###.....     41%         3    None
 Spider Form              Tmut/Pois      ###.......   41%         3    None
 Stone Arrow              Conj/Erth      ###...       41%         3    None
 Lightning Bolt           Conj/Air       #####.....   45%         5    ##.....
 Leda's Liquefaction      Hex/Erth       ####......   61%         4    None
 Petrify                  Tmut/Erth      ###.....     82%         4    None
 Sticky Flame             Conj/Fire      ###.....     82%         4    None
 Freezing Cloud           Conj/Ice/Air   ######....   82%         6    ####...
 Iskenderun's Battlesphe  Conj/Chrm      ####....     91%         5    ##.....
 Blade Hands              Tmut           ###.......   99%         5    ##.....
 Bolt of Magma            Conj/Fire/Erth ###.......   99%         5    ##.....
 Borgnjor's Vile Clutch   Necr/Erth      ###.......   99%         5    ##.....
 Fireball                 Conj/Fire      ###.......   99%         5    ##.....
 Lee's Rapid Deconstruct  Erth           ###.......   99%         5    ##.....
 Venom Bolt               Conj/Pois      ###.......   99%         5    ##.....
 Iron Shot                Conj/Erth      ###.......   100%        6    ####...
 Statue Form              Tmut/Erth      ###......    100%        6    ####...
 Orb of Destruction       Conj           ###.......   100%        7    ######.
 Ring of Flames           Chrm/Fire      ####......   100%        7    ######.
 Spellforged Servitor     Conj/Summ      ######....   100%        7    ######.
 Dragon's Call            Summ           ######....   100%        9    #######
 Shatter                  Erth           ###.......   100%        9    #######


Dungeon Overview and Level Annotations

Branches:
Dungeon (15/15)            Temple (1/1) D:4            Lair (6/6) D:11
  Swamp (4/4) Lair:2       Spider (4/4) Lair:2        Slime (0/5) Lair:5
    Orc (2/2) D:10            Elf (3/3) Orc:2        Vaults (3/5) D:14
 Depths (0/5) D:15
  Crypt: Vaults:2-3

Altars:
Ashenzari
Cheibriados
Dithmenos
Elyvilon
Fedhas
Gozag
Hepliaklqana
Kikubaaqudgha
Makhleb
Nemelex Xobeh
Okawaru
Qazlal
Ru
Sif Muna
Trog
Uskayaw
Vehumet
Wu Jian
Xom
Yredelemnul
Zin
The Shining One
Beogh

Shops:
D:5 [   D:10 !   Orc:2 %!%*

Portals:
Trove: Elf:1 (give 14 scrolls of teleportation)

Annotations:
D:9 exclusion: obsidian statue
D:11 3 runed doors (mut.potions)


Innate Abilities, Weirdness & Mutations

You are too large for most types of armour.
You have tough skin. (AC +1)
Your life essence is reduced to manifest your ancestor. (-10% HP)
You are dopey. (Int -2)


Message History

You hit the stone giant but do no damage.
The stone giant is severely wounded.
The vault warden throws a stone.
The stone hits you!! The stone giant hits you!!
Casting: Summon Lightning Spire (safe; 1% risk of failure)
Confirm with . or Enter, or press ? or * to list all spells.
Aiming: Summon Lightning Spire (safe; 1% risk of failure)
Press: ? - help, Dir - move target cursor An electric hum fills the air.
The vault warden throws a stone.
The stone hits your lightning spire. The stone giant hits you!
* * * LOW HITPOINT WARNING * * *
The stone giant throws a large rock.
The large rock completely misses your lightning spire.
The large rock hits you!!!
* * * LOW HITPOINT WARNING * * *
The vault sentinel blows a loud note on a signal horn!
The vault warden throws a stone.
The stone barely misses you.
The stone giant throws a large rock.
The large rock barely misses you. The stone giant hits you!
You die...

........# #.#C#.# ........#
#.###.# ........# #.....#
...>....# #.###.# ........#
#.#p#.# ## ## ........# #.###.#
(##W ........# #...R.# ..#
######'########+###########p#
^..............(@......C..((#
................C(8.(.(p...(#
.......................p....#
....................(.......#####
............................#....
............................+.###
...............)............#.#)#
#########+###################.#)#
... .. #...)


You could see 2 stone giants, a vault warden, a vault sentinel and a friendly
lightning spire.

Vanquished Creatures
  Rupert (D:13)
  A deep elf blademaster (Elf:3)
  Frances (Elf:1)
  A deep elf master archer (Elf:3)
  The ghost of Narretz the Severer, an adept DsBe of Trog (Swamp:1)
  Agnes (D:14)
  6 thorn hunters
  3 vault wardens (Vaults:2)
  3 ghost moths
  A very ugly thing (Vaults:2)
  2 entropy weavers
  2 stone giants (Vaults:2)
  8 deep elf demonologists
  2 deep elf annihilators (Elf:3)
  Azrael (Elf:1)
  2 minotaurs
  Snorg (Lair:6)
  A fire dragon (Lair:6)
  2 ice dragons
  A great orb of eyes (Vaults:1)
  Fannar (Lair:1)
  2 vault guards
  4 ghost crabs
  4 hydras
  12 two-headed ogres
  A centaur warrior (D:15)
  13 dancing weapons
  2 ogre magi
  A queen ant (Spider:3)
  7 alligators
  2 spriggan berserkers (Swamp:4)
  Nergalle (Lair:1)
  3 deep elf knights
  Sonja (D:11)
  6 swamp dragons
  2 skeletal warriors
  A deep troll (Vaults:1)
  An obsidian statue (Volcano)
  5 deep elf archers
  A shambling mangrove (Swamp:1)
  A lindwurm (Lair:2)
  2 orc knights
  An ironbrand convoker (Vaults:1)
  9 wolf spiders
  A necromancer (D:14)
  2 harpies (Vaults:2)
  2 orb spiders
  24 deep elf magi
  6 ugly things
  An orc sorcerer (Vaults:2)
  A cyclops (D:15)
  A manticore (D:11)
  A black mamba (Lair:6)
  2 elephants (Lair:6)
  A moth of wrath (Spider:2)
  2 ice statues (IceCv)
  3 vault sentinels (Vaults:2)
  3 centaur skeletons
  2 gargoyles
  6 spiny frogs
  8 yaktaurs
  2 demonic crawlers
  4 komodo dragons
  A freezing wraith (Vaults:2)
  8 jumping spiders
  6 hornets
  A polar bear (Vaults:1)
  A troll (Orc:2)
  3 blink frogs
  5 slime creatures
  3 bog bodies
  A hippogriff (D:10)
  An alligator zombie (Swamp:1)
  A stone giant simulacrum (Vaults:1)
  An air elemental (Elf:1)
  2 hexers
  2 wraiths (Spider:1)
  20 redbacks
  2 spriggans
  A shadow (D:13)
  11 tarantellas
  4 yaks
  A fire bat (Volcano)
  3 fire elementals
  A hungry ghost (D:14)
  2 basilisks (Lair:6)
  10 vampire mosquitoes
  2 insubstantial wisps
  2 wargs (Vaults:1)
  3 soldier ants
  2 hell hounds
  3 porcupines
  5 swamp drakes
  2 black bears
  An ice beast (D:10)
  4 orc warriors
  A sky beast (D:9)
  A fire dragon simulacrum (Vaults:1)
  A swamp dragon zombie (Swamp:1)
  2 phantoms
  A necrophage (D:14)
  4 boggarts
  10 ogres
  A wolf (Lair:6)
  2 centaurs
  A crocodile (Lair:1)
  2 big kobolds
  5 bullfrogs
  7 earth elementals
  2 wyvern skeletons
  A scorpion (D:13)
  A killer bee (Spider:4)
  2 wights (D:13)
  3 electric eels
  3 crimson imps
  A bullfrog zombie (D:9)
  2 jellies
  4 orc wizards
  An iguana (D:8)
  4 worker ants
  A hound skeleton (D:7)
  A howler monkey skeleton (D:4)
  An adder (D:2)
  2 naga simulacra (IceCv)
  An ogre simulacrum (IceCv)
  3 shadow imps
  2 adder skeletons
  A leopard gecko (D:7)
  8 orcs
  2 giant cockroaches
  2 hobgoblins (D:2)
  3 jackals (D:9)
  5 kobolds
  6 goblins
  4 rats
  2 briar patches
  2 plants (Lair:5)
419 creatures vanquished.

Vanquished Creatures (collateral kills)
  Boris (Vaults:2)
  2 deep elf blademasters
  A deep elf master archer (Elf:3)
  Donald (Elf:1)
  2 deep elf sorcerers (Elf:3)
  Louise (Spider:3)
  A frost giant (Vaults:3)
  2 ghost moths
  3 vault wardens
  6 emperor scorpions
  7 ironheart preservers
  3 deep elf elementalists (Elf:3)
  3 very ugly things (Vaults:2)
  A stone giant (Vaults:3)
  Nessos (D:13)
  3 entropy weavers
  The ghost of Morbidden the Grappler, a journeyman DrFi of Ru (Lair:5)
  5 deep elf demonologists
  12 deep elf annihilators
  7 deep elf death magi
  The ghost of Dusoorr the Arsonist, a journeyman HuFE (Lair:2)
  Josephine (Spider:1)
  A yaktaur captain (D:15)
  A great orb of eyes (Vaults:2)
  Harold (Lair:1)
  A vault guard (Vaults:2)
  An ice dragon (Vaults:2)
  Erolcha (Orc:1)
  16 hydras
  5 centaur warriors
  16 two-headed ogres
  10 alligators
  2 death knights
  15 dancing weapons
  A tengu warrior (D:14)
  A deep troll shaman (Vaults:1)
  A vampire mage (D:15)
  A hell hog (Volcano)
  5 death yaks (Lair:6)
  7 ogre magi
  A deep troll earth mage (Vaults:1)
  2 orc high priests
  18 deep elf knights
  A fire crab (Volcano)
  A shadow wraith (Vaults:1)
  7 skeletal warriors
  3 deep trolls
  2 spriggan druids
  16 deep elf archers
  2 unseen horrors
  11 swamp dragons
  4 lindwurms
  A harpy (Vaults:2)
  2 ironbrand convokers
  An orc knight (D:14)
  A wolf spider zombie (D:13)
  43 deep elf magi
  2 necromancers
  23 wolf spiders
  5 cyclopes
  2 orc sorcerers
  2 moths of wrath
  12 orb spiders
  A manticore (D:15)
  17 ugly things
  3 elephants (Lair:6)
  3 vault sentinels (Vaults:2)
  An ice statue (IceCv)
  A gargoyle (D:15)
  A guardian serpent (Elf:1)
  10 spiny frogs
  8 black mambas
  3 molten gargoyles (Lair:6)
  3 torpor snails
  4 komodo dragons
  A yaktaur zombie (D:15)
  8 yaktaurs
  A kobold demonologist (D:15)
  2 freezing wraiths
  2 efreet
  A rime drake (Lair:3)
  5 demonic crawlers
  A queen bee (shapeshifter) (Elf:1)
  8 ice devils (IceCv)
  A yaktaur skeleton (D:15)
  7 hornets
  12 trolls
  11 bog bodies
  A jumping spider (shapeshifter) (Vaults:3)
  21 jumping spiders
  A polar bear (shapeshifter) (Vaults:2)
  5 tyrant leeches
  23 blink frogs
  A tengu simulacrum (Vaults:1)
  14 slime creatures
  A spectral dream sheep (Lair:2)
  9 hippogriffs
  A spriggan zombie (D:15)
  62 redbacks
  7 spriggans
  A water elemental (Elf:2)
  A tarantella (shapeshifter) (Vaults:1)
  A shadow (D:15)
  An air elemental (Elf:3)
  25 tarantellas
  3 fire elementals
  A tyrant leech zombie (Swamp:1)
  A wraith (Spider:1)
  4 wyverns
  6 basilisks
  5 fire bats (Volcano)
  2 spectral komodo dragons (Lair:2)
  A steam dragon (Lair:6)
  A death yak simulacrum (Lair:2)
  20 yaks
  A hungry ghost (D:13)
  28 vampire mosquitoes
  6 wargs
  7 insubstantial wisps
  22 soldier ants (Spider:3)
  16 swamp worms
  10 water moccasins
  5 hell hounds
  2 hydra simulacra
  A tengu zombie (D:15)
  An acid dragon (D:11)
  6 porcupines
  6 ice beasts
  A black bear (D:11)
  29 ogres
  27 orc warriors
  8 swamp drakes
  An eye of draining (D:10)
  4 phantoms
  2 sky beasts
  2 wolves (Lair:6)
  3 boggarts (Vaults:2)
  15 centaurs
  10 crocodiles
  A big kobold (D:12)
  2 komodo dragon zombies (Swamp:1)
  10 bullfrogs
  An ogre simulacrum (Vaults:1)
  A wyvern zombie (D:10)
  A wyvern skeleton (D:11)
  6 scorpions
  A dream sheep simulacrum (Lair:2)
  4 killer bees (D:8)
  13 wights
  An electric eel (Lair:4)
  A howler monkey (D:7)
  2 jellies
  11 lava snakes
  12 crimson imps
  3 draconian simulacra (IceCv)
  A fire crab simulacrum (Lair:2)
  A quasit (D:7)
  3 centaur zombies
  33 orc wizards
  4 hounds
  An iguana (D:12)
  18 orc priests
  7 centaur skeletons
  25 worker ants
  2 troll simulacra (IceCv)
  A worker ant zombie (D:8)
  14 adders
  2 naga simulacra (IceCv)
  A swamp drake zombie (Swamp:1)
  4 shadow imps
  3 white imps (D:10)
  2 oozes
  An adder skeleton (D:4)
  2 adder zombies
  3 worms (D:3)
  A dart slug (D:3)
  5 leopard geckos
  111 orcs
  A giant cockroach (D:8)
  4 hobgoblins
  12 jackals
  10 kobolds
  9 quokkas
  A ball python (D:7)
  3 bats
  5 frilled lizards
  4 goblins
  A leopard gecko skeleton (D:5)
  A quokka skeleton (D:7)
  3 rats
  A briar patch (Swamp:1)
  2 plants
1232 creatures vanquished.

Vanquished Creatures (others)
  A two-headed ogre (D:14)
  2 yaktaurs
  2 hornets
  A tyrant leech (Swamp:3)
  A slime creature (Swamp:4)
  A tarantella (shapeshifter) (Elf:1)
  A steam dragon (Volcano)
  2 swamp worms (Swamp:2)
  A boggart (Vaults:2)
  A centaur (Vaults:2)
  107 hexers
  3 ancestors
  An orc (Orc:1)
  6 briar patches
  A bush (Lair:6)
  16 fungi
  9 plants
  3 withered plants (D:15)
159 creatures vanquished.

Grand Total: 1810 creatures vanquished

Notes
Turn   | Place    | Note
-------+----------+-------------------------------------------
     0 | D:1      | Ge0ff the Ogre Summoner began the quest for the Orb.
     0 | D:1      | Reached XP level 1. HP: 16/16 MP: 3/3
   438 | D:1      | Reached XP level 2. HP: 17/26 MP: 2/5
   442 | D:1      | Learned a level 2 spell: Call Imp
   660 | D:1      | Reached skill level 1 in Fighting
  1836 | D:2      | Reached XP level 3. HP: 28/33 MP: 7/7
  1841 | D:2      | Learned a level 3 spell: Call Canine Familiar
  3270 | D:3      | Noticed a scorpion
  3420 | D:3      | Reached XP level 4. HP: 23/41 MP: 2/8
  3795 | D:2      | Reached skill level 2 in Fighting
  3940 | D:3      | Reached XP level 5. HP: 44/49 MP: 3/10
  4119 | D:3      | Reached skill level 5 in Summonings
  4132 | D:3      | Learned a level 4 spell: Summon Lightning Spire
  5057 | D:4      | Reached skill level 1 in Air Magic
  5330 | D:4      | Reached XP level 6. HP: 57/57 MP: 5/11
  5476 | D:4      | Noticed a two-headed ogre
  5541 | D:4      | Killed a two-headed ogre
  5541 | D:4      | Reached XP level 7. HP: 65/65 MP: 1/14
  5876 | D:4      | Found a staircase to the Ecumenical Temple.
  5882 | Temple   | Entered the Ecumenical Temple
  5922 | Temple   | Became a worshipper of Hepliaklqana the Forgotten
  6254 | D:5      | Entered Level 5 of the Dungeon
  6847 | D:5      | Reached skill level 5 in Spellcasting
  6933 | D:5      | Found Atyghum's Antique Armour Shop.
  6936 | D:5      | Bought a glowing robe for 74 gold pieces
  6971 | D:5      | Reached XP level 8. HP: 54/64 MP: 11/15
  7650 | D:6      | Reached skill level 1 in Unarmed Combat
  7859 | D:6      | Reached skill level 3 in Fighting
  8195 | D:6      | Reached * piety under Hepliaklqana
  8515 | D:6      | Reached skill level 5 in Air Magic
  8656 | D:6      | Noticed a two-headed ogre
  8689 | D:6      | Killed a two-headed ogre
  8689 | D:6      | Reached skill level 4 in Fighting
  8689 | D:6      | Reached XP level 9. HP: 76/76 MP: 8/18
  9152 | D:7      | Learned a level 4 spell: Summon Ice Beast
  9721 | D:7      | Reached ** piety under Hepliaklqana
  9722 | D:7      | Remembered your ancestor Galatea as a hexer
  9798 | D:7      | Reached skill level 1 in Ice Magic
 10145 | D:8      | Reached skill level 1 in Evocations
 10223 | D:8      | Noticed a two-headed ogre
 10234 | D:8      | Killed a two-headed ogre
 10234 | D:8      | Reached skill level 5 in Fighting
 11097 | D:9      | Noticed a two-headed ogre
 11137 | D:9      | Reached XP level 10. HP: 73/86 MP: 10/20
 11472 | D:9      | Killed a two-headed ogre
 11726 | D:9      | Got a jewelled shield
 11732 | D:9      | Identified the +3 shield of Circular Logic {Stlth+} (You
                  | found it on level 9 of the Dungeon)
 11744 | D:9      | Reached skill level 1 in Throwing
 12207 | D:9      | Noticed an obsidian statue
 12266 | D:9      | Found an ornate altar of the Wu Jian Council.
 12369 | D:9      | Noticed a smoke demon
 12697 | D:9      | Learned a level 3 spell: Summon Guardian Golem
 12727 | D:10     | Entered Level 10 of the Dungeon
 12948 | D:10     | Reached skill level 6 in Fighting
 13098 | D:9      | Learned a level 2 spell: Blink
 13142 | D:10     | Found Ybuimos's Distillery.
 13268 | D:10     | Bought a potion of heal wounds for 85 gold pieces
 13268 | D:10     | Bought a potion of might for 68 gold pieces
 13268 | D:10     | Bought a potion of berserk rage for 85 gold pieces
 13303 | D:10     | Identified a scroll of acquirement
 13585 | D:10     | Found a staircase to the Orcish Mines.
 13787 | D:10     | Reached skill level 1 in Armour
 13790 | D:10     | Reached skill level 1 in Translocations
 13806 | D:10     | Reached XP level 11. HP: 73/95 MP: 14/22
 13822 | D:10     | Found a roughly hewn altar of Beogh.
 14419 | D:11     | Reached *** piety under Hepliaklqana
 14541 | D:11     | Reached skill level 5 in Ice Magic
 14745 | D:11     | Killed an unseen horror
 14845 | D:11     | Noticed Sonja
 14845 | D:11     | Noticed a manticore
 14860 | D:11     | Killed Sonja
 14865 | D:11     | Killed a manticore
 14995 | D:11     | Reached skill level 5 in Unarmed Combat
 15052 | D:11     | Found a staircase to the Lair.
 15510 | D:11     | Found a runed gate.
 15511 | D:11     | Found a runed gate.
 15511 | D:11     | Found a runed gate.
 15513 | D:11     | Noticed a cyan ugly thing
 15513 | D:11     | Noticed a brown ugly thing
 15513 | D:11     | Noticed a white very ugly thing
 15513 | D:11     | Noticed a white ugly thing
 15514 | D:11     | Noticed a green ugly thing
 15514 | D:11     | Noticed a white ugly thing
 15515 | D:11     | Noticed a purple ugly thing
 15666 | Lair:1   | Entered Level 1 of the Lair of Beasts
 15710 | Lair:1   | Found a dark tunnel.
 15715 | Volcano  | Entered a volcano
 15757 | Volcano  | Reached skill level 1 in Invocations
 15757 | Volcano  | Reached skill level 7 in Fighting
 16156 | Volcano  | Noticed a hell hog
 16166 | Volcano  | Killed a hell hog
 16225 | Volcano  | Noticed a fire crab
 16236 | Volcano  | Killed a fire crab
 16441 | Volcano  | Noticed an obsidian statue
 16453 | Volcano  | Gained mutation: You are dopey. (Int -2) [a neqoxec]
 16459 | Volcano  | Killed an obsidian statue
 16471 | Volcano  | Found a bloodstained altar of Trog.
 16742 | Lair:1   | Noticed Fannar
 16764 | Lair:1   | Killed Fannar
 16810 | Lair:1   | Noticed Nergalle
 16818 | Lair:1   | Noticed a spectral orc warlord
 16819 | Lair:1   | Killed Nergalle
 17044 | Lair:1   | Got a scorched war axe {!w}
 17210 | Lair:1   | Noticed Harold
 17227 | Lair:1   | Killed Harold
 17227 | Lair:1   | Reached XP level 12. HP: 94/107 MP: 4/24
 17350 | Lair:1   | Reached **** piety under Hepliaklqana
 17576 | Lair:1   | Reached skill level 8 in Fighting
 17818 | Lair:2   | Found a labyrinth entrance.
 17838 | Lab      | Entered a labyrinth
 18048 | Lab      | Noticed a minotaur
 18073 | Lab      | Killed a minotaur
 18073 | Lab      | Reached skill level 1 in Hexes
 18090 | Lab      | Got warped quicksilver dragon scales
 18091 | Lab      | Identified the quicksilver dragon scales of the Vacuum {MR+
                  | Int+4} (You took it off a minotaur in a labyrinth)
 18099 | Lab      | Got a coiled jade ring
 18102 | Lab      | Identified the ring "Vaotromnam" {*Tele rN+ Str+6} (You
                  | found it in a labyrinth)
 18183 | Lair:2   | Found a hole to the Spider Nest.
 19411 | Lair:2   | Found a staircase to the Swamp.
 19514 | Lair:2   | Found a runed gate.
 19514 | Lair:2   | Found a runed gate.
 19514 | Lair:2   | Found a runed gate.
 19523 | Lair:2   | Noticed Dusoorr's ghost (journeyman HuFE)
 19591 | Lair:2   | Killed Dusoorr's ghost
 19840 | Lair:2   | Identified the Incunabulum of Ashen Talismans
 20249 | Lair:3   | Noticed a four-headed hydra
 20255 | Lair:3   | Killed a four-headed hydra
 20548 | Lair:3   | Reached ***** piety under Hepliaklqana
 20930 | Lair:4   | Noticed a seven-headed hydra
 20944 | Lair:4   | Killed a seven-headed hydra
 21614 | Lair:4   | Reached XP level 13. HP: 115/115 MP: 26/26
 22529 | Lair:5   | Found a staircase to the Slime Pits.
 22706 | Lair:5   | Got a pitted short sword {!w}
 22748 | Lair:5   | Found a runed gate.
 22749 | Lair:5   | Found a runed gate.
 22749 | Lair:5   | Found a runed gate.
 22750 | Lair:5   | Noticed Morbidden's ghost (journeyman DrFi)
 23019 | Lair:5   | Killed Morbidden's ghost
 23142 | Lair:6   | Entered Level 6 of the Lair of Beasts
 23143 | Lair:6   | Noticed Snorg
 23174 | Lair:6   | Killed Snorg
 23233 | Lair:6   | Reached skill level 9 in Fighting
 23988 | Lair:6   | Reached skill level 5 in Invocations
 24401 | Lair:6   | Learned a level 2 spell: Shroud of Golubria
 24404 | Lair:6   | Learned a level 2 spell: Swiftness
 24944 | Lair:6   | Reached skill level 5 in Throwing
 24944 | Lair:6   | Reached skill level 1 in Charms
 25408 | Lair:6   | Found a large runed door.
 25903 | Lair:6   | Found a large runed door.
 26013 | Lair:6   | Noticed a fire dragon
 26135 | Lair:6   | Killed a fire dragon
 26371 | Orc:1    | Entered Level 1 of the Orcish Mines
 26498 | Orc:1    | Found a frozen archway.
 26515 | Orc:1    | Reached XP level 14. HP: 72/126 MP: 15/27
 26528 | Orc:1    | Noticed Erolcha
 26541 | Orc:1    | Killed Erolcha
 26598 | IceCv    | Entered an ice cave
 27421 | IceCv    | Reached skill level 10 in Spellcasting
 27833 | IceCv    | Reached skill level 10 in Fighting
 28831 | Orc:2    | Entered Level 2 of the Orcish Mines
 28867 | Orc:2    | Found a radiant altar of Vehumet.
 29678 | Orc:2    | Reached skill level 5 in Evocations
 29929 | Orc:2    | Reached skill level 10 in Summonings
 30110 | Orc:2    | Found a staircase to the Elven Halls.
 30307 | Orc:2    | Found Kirchekep's Distillery.
 30308 | Orc:2    | Found Ethroczuts's Assorted Antiques.
 30313 | Orc:2    | Found Healete's Food Emporium.
 30316 | Orc:2    | Bought a pitted cloak for 266 gold pieces
 30316 | Orc:2    | Bought a fine wooden ring for 140 gold pieces
 30316 | Orc:2    | Identified the ring "Syrelan" {Fire Int+3} (You bought it
                  | in a shop on level 2 of the Orcish Mines)
 30321 | Orc:2    | Identified the cursed +0 cloak of the Barber Surgeon {MP-9
                  | Int+4 SInv} (You bought it in a shop on level 2 of the
                  | Orcish Mines)
 30339 | Orc:2    | Found Lokin's Food Shop.
 30915 | Orc:2    | Bought a metal-bound book for 420 gold pieces
 32344 | D:13     | Noticed Nessos
 32350 | D:13     | Killed Nessos
 32648 | D:13     | Noticed Rupert
 32662 | D:13     | Killed Rupert
 33486 | D:13     | Reached ****** piety under Hepliaklqana
 33961 | D:14     | Reached skill level 11 in Fighting
 34369 | D:14     | Reached XP level 15. HP: 100/137 MP: 14/29
 34968 | D:14     | Found a gate to the Vaults.
 34986 | D:14     | Noticed Agnes
 35002 | D:14     | Killed Agnes
 35021 | D:14     | Found an iron altar of Okawaru.
 35854 | D:15     | Entered Level 15 of the Dungeon
 37006 | D:15     | Found a staircase to the Depths.
 38168 | Swamp:1  | Entered Level 1 of the Swamp
 38168 | Swamp:1  | Found a large runed door.
 38168 | Swamp:1  | Found a large runed door.
 38205 | Swamp:1  | Noticed Narretz's ghost (adept DsBe)
 38738 | Swamp:1  | Noticed a thorn hunter
 38765 | Swamp:1  | Killed a thorn hunter
 39524 | Swamp:1  | Reached skill level 12 in Fighting
 40745 | Swamp:1  | HP: 4/315 [Narretz's ghost (26)]
 40748 | Swamp:1  | Killed Narretz's ghost
 41981 | Swamp:2  | Reached XP level 16. HP: 144/148 MP: 17/31
 42599 | Swamp:2  | Noticed a thorn hunter
 42634 | Swamp:2  | Killed a thorn hunter
 43462 | Swamp:3  | Noticed a thorn hunter
 43473 | Swamp:3  | Killed a thorn hunter
 43640 | Swamp:3  | Noticed a thorn hunter
 43650 | Swamp:3  | Killed a thorn hunter
 44505 | Swamp:3  | Noticed a thorn hunter
 45386 | Swamp:3  | Killed a thorn hunter
 46054 | Swamp:4  | Entered Level 4 of the Swamp
 46567 | Swamp:4  | Reached skill level 13 in Fighting
 48053 | Swamp:4  | Noticed a thorn hunter
 48076 | Swamp:4  | Killed a thorn hunter
 49560 | Swamp:4  | Got a decaying rune of Zot
 49756 | Swamp:4  | Got a warped robe
 49759 | Swamp:4  | Identified the +1 robe "Jiqutin" {rC+} (You took it off a
                  | spriggan berserker on level 4 of the Swamp)
 49974 | Spider:1 | Entered Level 1 of the Spider Nest
 49992 | Spider:1 | Reached XP level 17. HP: 133/160 MP: 22/33
 51285 | Spider:1 | Noticed Josephine
 51291 | Spider:1 | Killed Josephine
 54410 | Spider:2 | Reached skill level 10 in Air Magic
 54747 | Spider:3 | Reached skill level 10 in Ice Magic
 55073 | Spider:2 | Reached skill level 10 in Unarmed Combat
 56590 | Spider:3 | Reached skill level 14 in Fighting
 57044 | Spider:4 | Entered Level 4 of the Spider Nest
 57052 | Spider:4 | Noticed Louise
 58343 | Spider:3 | Killed Louise
 61052 | Spider:3 | Reached XP level 18. HP: 152/170 MP: 20/35
 61788 | Spider:4 | Got a gossamer rune of Zot
 62224 | Elf:1    | Entered Level 1 of the Elven Halls
 63695 | Elf:1    | Found a portal to a secret trove of treasure.
 63819 | Elf:1    | Noticed Donald
 63835 | Elf:1    | Killed Donald
 64160 | Elf:1    | Noticed Frances
 64197 | Elf:1    | Killed Frances
 64222 | Elf:1    | Identified the Reference Book on Companions
 64257 | Elf:1    | Reached skill level 1 in Shields
 64729 | Elf:1    | Noticed Azrael
 64743 | Elf:1    | Killed Azrael
 67143 | Elf:2    | Found a radiant altar of Vehumet.
 67621 | Elf:2    | Found a huge runed gate.
 67621 | Elf:2    | Found a huge runed gate.
 67626 | Elf:2    | Found a huge runed gate.
 67626 | Elf:2    | Found a huge runed gate.
 67626 | Elf:2    | Found a huge runed gate.
 67756 | Elf:2    | Noticed a deep elf blademaster
 67778 | Elf:2    | Killed a deep elf blademaster
 68737 | Elf:2    | Reached skill level 15 in Fighting
 69815 | Elf:3    | Entered Level 3 of the Elven Halls
 70398 | Elf:3    | Reached XP level 19. HP: 176/180 MP: 33/36
 70455 | Elf:3    | Noticed an Ice Fiend
 71497 | Elf:3    | Got an ancient shield
 71501 | Elf:3    | Identified the +5 shield of Optimism {*Corrode rElec Int+3
                  | Stlth+} (You took it off a deep elf mage on level 3 of the
                  | Elven Halls)
 72314 | Elf:3    | Noticed a Hell Sentinel
 72653 | Elf:3    | Noticed a Tzitzimitl
 72662 | Elf:3    | Noticed a Brimstone Fiend
 74059 | Elf:3    | Reached skill level 10 in Invocations
 74086 | Elf:3    | Got a faintly glowing dagger {freeze, !w}
 74122 | Elf:3    | Noticed a Hell Sentinel
 75388 | Elf:3    | Identified Sif Muna's Papyrus of Hurtful Cold
 75440 | Elf:3    | Got a translucent short sword {drain, !w}
 75510 | Elf:3    | Found the +7 sceptre of Torment
 75549 | Elf:3    | Learned a level 1 spell: Summon Butterflies
 75955 | Vaults:1 | Entered Level 1 of the Vaults
 78436 | Vaults:2 | Reached XP level 20. HP: 165/189 MP: 21/38
 78690 | Vaults:2 | Noticed Boris
 78705 | Vaults:2 | Killed Boris
 78759 | Vaults:2 | Reached skill level 15 in Spellcasting
 80660 | Vaults:2 | Reached skill level 16 in Fighting
 81507 | Vaults:3 | HP: 5/191 [stone giant/large rock (45)]
 81508 | Vaults:3 | Mangled by a stone giant

Skill      XL: |  1  2  3  4  5  6  7  8  9 10 11 12 13 14 15 16 17 18 19 20 |
---------------+-------------------------------------------------------------+-----
Fighting       | 1 2 4 5 6 7 8 9 11 12 13 14 15 16 | 16.0
Summonings     | 4 5 6 7 8 9 10 11 12 13 | 13.9
Spellcasting   | 3 4 5 6 7 8 9 10 11 12 13 14 15 | 15.2
Air Magic      | 1 3 5 6 7 8 9 10 | 10.0
Unarmed Combat | 2 3 4 5 6 7 8 9 10 11 12 | 12.5
Ice Magic      | 3 4 5 6 7 8 9 10 | 10.0
Evocations     | 2 3 4 5 6 7 8 9 |  9.7
Throwing       | 2 3 4 5 6 7 |  7.5
Armour         | 1 2 3 4 |  4.5
Translocations | 1 3 |  3.0
Invocations    | 2 4 5 7 9 10 11 | 11.0
Dodging        | 2 4 |  4.5
Hexes          | 2 3 |  3.0
Stealth        | 2 3 |  3.0
Charms         | 2 3 |  3.0
Shields        | 4 |  4.5

Action                   |  1- 3 |  4- 6 |  7- 9 | 10-12 | 13-15 | 16-18 | 19-21 || total
-------------------------+-------+-------+-------+-------+-------+-------+-------++-------
Melee: Unarmed           |   140 |    67 |   140 |   343 |  1134 |  1009 |   509 ||  3342
       Punch             |       |       |       |     5 |    38 |    34 |       ||    77
Throw: Stone             |    40 |    28 |    15 |     5 |       |       |       ||    88
       Tomahawk          |       |       |    17 |    61 |    55 |    53 |    42 ||   228
       Large rock        |       |       |       |     1 |       |    15 |    28 ||    44
       Javelin           |       |       |       |       |       |    53 |    34 ||    87
       Throwing net      |       |       |       |       |       |     3 |     2 ||     5
 Cast: Summon Small Mamm |    45 |       |       |       |       |       |       ||    45
       Call Imp          |    21 |    41 |    26 |     4 |       |       |       ||    92
       Call Canine Famil |       |     6 |     2 |     8 |    27 |    87 |    42 ||   172
       Summon Lightning  |       |     1 |    42 |    93 |   133 |    68 |    47 ||   384
       Summon Ice Beast  |       |       |       |    52 |   185 |   492 |   154 ||   883
       Blink             |       |       |       |    12 |    11 |    11 |     3 ||    37
       Summon Guardian G |       |       |       |     1 |     3 |       |       ||     4
       Shroud of Golubri |       |       |       |       |     8 |    74 |    13 ||    95
Invok: Ancestor Identity |       |       |     1 |       |       |       |       ||     1
       Recall Ancestor   |       |       |     3 |    10 |    12 |    19 |     6 ||    50
       Ancestor Life: He |       |       |     1 |       |       |       |       ||     1
       Idealise          |       |       |       |     1 |    16 |     9 |     3 ||    29
       Transference      |       |       |       |       |       |     2 |     2 ||     4
Evoke: Wand              |       |     4 |     1 |    11 |    58 |   124 |    11 ||   209
       Phial of floods   |       |       |       |     1 |     2 |     4 |     1 ||     8
       Fan of gales      |       |       |       |       |     1 |     3 |       ||     4
       Lamp of fire      |       |       |       |       |       |     2 |     2 ||     4
  Use: Scroll            |     1 |     9 |     6 |    19 |    12 |    14 |    12 ||    73
       Potion            |       |       |       |     4 |     9 |    12 |     1 ||    26
 Stab: Distracted        |     1 |       |     4 |    10 |    35 |    14 |    12 ||    76
       Confused          |       |       |       |     3 |     6 |     5 |     8 ||    22
       Paralysed         |       |       |       |       |    49 |    82 |    38 ||   169
       Invisible         |       |       |       |       |       |     1 |       ||     1
       Held in net/web   |       |       |       |       |       |     1 |       ||     1
  Eat: Chunk             |    22 |    14 |    23 |    47 |    68 |    86 |    26 ||   286
       Ration            |       |       |       |       |       |       |     3 ||     3
Armor: Robe              |    48 |    21 |    47 |    52 |       |       |       ||   168
       Troll leather arm |       |       |       |    34 |       |       |       ||    34
       Skin              |       |       |       |    24 |    23 |    29 |       ||    76
       Quicksilver drago |       |       |       |    50 |   652 |  1273 |   128 ||  2103
Dodge: Dodged            |   105 |    38 |    53 |   178 |   504 |   744 |    77 ||  1699
Block: Other             |       |       |       |       |       |    51 |    12 ||    63
       Reflection        |       |       |       |       |       |    15 |    56 ||    71
       Shield            |       |       |       |       |       |       |   300 ||   300

Vault maps used:
D:1:      minmay_arrival_hallway, chequers_big_river, serial_park_tiny_2
D:2:      minmay_misc_feat_columns
D:3:      serial_co_window_serial, co_window_corner_a, co_window_paths_a,
          co_window_paths_b, co_window_corner_a, co_window_paths_a,
          co_window_of_opportunity_c, co_window_broadway_b,
          co_window_unsneaky_path_e, co_window_cross_4, co_window_broadway_b,
          co_window_sun, glass_columns_a, glass_columns_b, glass_columns_a
D:4:      minmay_temple_entry_fiery, first_ration
D:5:      serial_shops, kennysheep_mini_moat
D:7:      minmay_misc_feat_more_columns, the_bakery
D:8:      minmay_stone_trees_small
D:9:      kennysheep_little_box, minmay_misc_feat_room, minivault_16,
          minmay_joined_circles
D:10:     david_orc_3, serial_shops, shop, special_room, nrook_uturn,
          minmay_nine_imps
D:11:     lair_entry_dummy, ploomutoo_gammafunk_ghost_potion_laboratory,
          minmay_variable_closet, hex_tiny, uniq_sonja
D:12:     minmay_weird_star
D:13:     uniq_nessos, uniq_rupert
D:14:     hangedman_vaults_entry_quadrant_bands, okawaru_ov_weapons_minmay,
          uniq_agnes
D:15:     gammafunk_depths_entry_grave, wad_floor_pattern_2, kb_rosetta
Temple:   kilobyte_greek_temple
Lair:1:   enter_volcano_4, uniq_harold, uniq_nergalle, uniq_fannar
Lair:2:   nicolae_swamp_entry_splash_gauntlet, spider_nest_entry_rubble,
          lab_entry_generic, gammafunk_ghost_necromancy, minmay_lindwurm_lava
Lair:4:   grunt_megastairs_2
Lair:5:   slime_dummy, ebering_ghost_rock_garden, grunt_megastairs_3,
          serial_bayou_shore_a
Lair:6:   cheibrodos_lair_end_hotspot, uniq_snorg
Swamp:1:  ebering_ghost_disaster_area, evilmike_swamp_ruin_rubble_1,
          swamp_pool1, nicolae_swamp_necromancer_hut
Swamp:2:  evilmike_swamp_ruin_house_6, nicolae_swamp_alligator_family
Swamp:3:  hangedman_swamp_ruin_wall
Swamp:4:  swamp_basic_johnstein, swamp_pool4
Spider:1: uniq_josephine
Spider:3: minivault_29
Spider:4: grunt_spider_rune_circles, uniq_louise
Orc:1:    portal_ice_cave_entry_pillars_1, uniq_erolcha
Orc:2:    st_orc_open, basic_altar
Elf:1:    eino_elf_arrival_shootout, nicolae_trove_entry_crystal,
          minmay_elf_demonology, fake_guardian_serpent_vault, uniq_azrael,
          uniq_frances, uniq_donald
Elf:2:    basic_altar
Elf:3:    grunt_elf_hall_diamonds
Vaults:1: grunt_vaults_diagonal, grunt_vaults_hallway_short,
          hangedman_vaults_trim, nicolae_vaults_little_squares_6,
          nicolae_vaults_mini_display_case, serial_ice_g
Vaults:2: v_misc_11, hangedman_vaults_capsules, nicolae_vaults_big_ls,
          nicolae_vaults_little_squares_2, vaults_room_door_ring, v_rooms_3,
          ontoclasm_vaults_idyll, serial_ice_h, ontoclasm_vaults_misaligned,
          vaults_room_grid, uniq_boris
Vaults:3: nicolae_vaults_specimen_jars, minmay_crypt_entry_skeletal_spiral,
          nicolae_vaults_network_periphery, st_lattice, v_pattern_2, v_misc_27,
          hangedman_vaults_snaps, vaults_dpeg_spiral
Lab:      labyrinth_watery, labyrinth_skeletal_remains
IceCv:    ice_cave_tombish
Volcano:  volcano_grotto
